Selects Australian Defense Battlegroup
Selects Australian Defense Battlegroup
Selects Australian Light Infantry Section
Australian Light Infantry Section
Australian Light Infantry Section
Australian Light Infantry Section
Selects 2-pounder Anti-tank Gun Team
Construct Section Command Post
2-pounder Anti-tank Gun Team
Selects CMP 15cwt Supply Run
Construct Platoon Command Post
Construct Field Infirmary
Selects Reinforced Resource Caches
Construct Company Command Post
Selects Archer Tank Destroyer
Australian Light Infantry Section
Selects Vehicle Over Repair
Australian Light Infantry Section
Australian Light Infantry Section
Australian Light Infantry Section
Unlock Bishop Self-propelled Artillery
Bishop Self-propelled Artillery
Australian Light Infantry Section
Australian Light Infantry Section
Australian Light Infantry Section
Bishop Self-propelled Artillery